Workbook
Name _AA100000: #REF!
Name _AA100000: #REF!
Name _Fill: #REF!
Name _Fill: #REF!
Name _LOC10: #REF!
Name _LOC10: #REF!
Name _LOC11: #REF!
Name _LOC11: #REF!
Name _LOC12: #REF!
Name _LOC12: #REF!
Name _LOC13: #REF!
Name _LOC14: #REF!
Name _LOC15: #REF!
Name _LOC16: #REF!
Name _LOC17: #REF!
Name _LOC18: #REF!
Name _LOC19: #REF!
Name _LOC2: #REF!
Name _LOC20: #REF!
Name _LOC21: #REF!
Name _LOC22: #REF!
Name _LOC23: #REF!
Name _LOC24: #REF!
Name _LOC25: #REF!
Name _LOC26: #REF!
Name _LOC27: #REF!
Name _LOC28: #REF!
Name _LOC29: #REF!
Name _LOC3: #REF!
Name _LOC30: #REF!
Name _LOC31: #REF!
Name _LOC32: #REF!
Name _LOC33: #REF!
Name _LOC34: #REF!
Name _LOC35: #REF!
Name _LOC36: #REF!
Name _LOC37: #REF!
Name _LOC38: #REF!
Name _LOC39: #REF!
Name _LOC4: #REF!
Name _LOC40: #REF!
Name _LOC41: #REF!
Name _LOC42: #REF!
Name _LOC5: #REF!
Name _LOC6: #REF!
Name _LOC7: #REF!
Name _LOC8: #REF!
Name _LOC9: #REF!
Name _R: #REF!
Name AAA: #REF!
Name AC: #REF!
Name AL: #REF!
Name Área_impressão_IM: #REF!
Name Área_impressão_IM: #REF!
Name B.01.05.10.10: #REF!
Name B.01.05.10.10: #REF!
Name CD: #REF!
Name CD: #REF!
Name CP: #REF!
Name CS: #REF!

Sheet DADOS GERAIS
B2: DADOS GERAIS
B8: Secretaria de Atenção Especializada à Saúde
B9: =C15 -> Unidade Básica de Saúde Porte 2 - Área Construída: 500,17m²
B11: Bancos:
B12: SINAPI (11/2024) - CPOS/CDHU (01/2025) - SBC (01/2025) - ORSE (10/2024) - IOPES (08/2024) - EMOP (11/2024) - SEINFRA (028)
B15: Obra: | C15: Unidade Básica de Saúde Porte 2 - Área Construída: 500,17m²
B16: Local: | C16: Ministério da Saúde - Departamento de Estratégias e Políticas de Saúde Comunitária
B17: Região: | C17: RS
B18: Data Base: | C18: 45597
B19: BDI Geral (%): | C19: ='BDI SEM DESONERAÇÃO'!E36 -> 0.24017566
B20: BDI Equipamentos (%): | C20: ='BDI SEM DESONERAÇÃO'!F36 -> 0.13512301
B21: Área construída (m²): | C21: 500.17
B22: Data: | C22: 11/02/2025
B23: Revisão: | C23: 00
B24: Responsável Técnico pelo Orçamento:
B25: Cargo Responsável Técnico:
B31: ________________________________________________________________________________
B32: =C24 -> 0
B33: =C25 -> 0

Sheet RESUMO
B2: PLANILHA RESUMO
B8: ='DADOS GERAIS'!B8 -> Secretaria de Atenção Especializada à Saúde | D8: BDI Geral: | E8: Encargo Social Mensalista: | F8: ='DADOS GERAIS'!$B$22 -> Data:
B9: ='DADOS GERAIS'!B9 -> Unidade Básica de Saúde Porte 2 - Área Construída: 500,17m² | D9: ='DADOS GERAIS'!C19 -> 0.24017566 | E9: ='ENCARGOS SOCIAIS'!F56 -> 0.6979 | F9: ='DADOS GERAIS'!$C$22 -> 11/02/2025
B11: ='DADOS GERAIS'!B11 -> Bancos: | D11: BDI Equipamentos: | E11: Encargo Social Horista: | F11: ='DADOS GERAIS'!$B$23 -> Revisão:
B12: ='DADOS GERAIS'!B12 -> SINAPI (11/2024) - CPOS/CDHU (01/2025) - SBC (01/2025) - ORSE (10/2024) - IOPES (08/2024) - EMOP (11/2024) - SEINFRA (028) | D12: ='DADOS GERAIS'!C20 -> 0.13512301 | E12: ='ENCARGOS SOCIAIS'!E56 -> 1.1287768 | F12: ='DADOS GERAIS'!$C$23 -> 00
B15: ITEM | C15: DESCRIÇÃO | E15: PREÇO | F15: %
B17: 1 | C17: {=INDEX('ORC. SINTÉTICO'!$E:$E,MATCH($B17,'ORC. SINTÉTICO'!$B:$B,0))} -> SERVIÇOS PRELIMINARES E INDIRETOS | E17: {=INDEX('ORC. SINTÉTICO'!$N:$N,MATCH($B17,'ORC. SINTÉTICO'!$B:$B,0))} -> 30089.975 | F17: =IFERROR(E17/$E$39,"-") -> 0.012348512
B18: 2 | C18: {=INDEX('ORC. SINTÉTICO'!$E:$E,MATCH($B18,'ORC. SINTÉTICO'!$B:$B,0))} -> FUNDAÇÃO | E18: {=INDEX('ORC. SINTÉTICO'!$N:$N,MATCH($B18,'ORC. SINTÉTICO'!$B:$B,0))} -> 262901.5 | F18: =IFERROR(E18/$E$39,"-") -> 0.10789116
B19: 3 | C19: {=INDEX('ORC. SINTÉTICO'!$E:$E,MATCH($B19,'ORC. SINTÉTICO'!$B:$B,0))} -> ESTRUTURA | E19: {=INDEX('ORC. SINTÉTICO'!$N:$N,MATCH($B19,'ORC. SINTÉTICO'!$B:$B,0))} -> 338382.02 | F19: =IFERROR(E19/$E$39,"-") -> 0.13886733
B20: 4 | C20: {=INDEX('ORC. SINTÉTICO'!$E:$E,MATCH($B20,'ORC. SINTÉTICO'!$B:$B,0))} -> ALVENARIA, VEDAÇÕES E DIVISÓRIAS | E20: {=INDEX('ORC. SINTÉTICO'!$N:$N,MATCH($B20,'ORC. SINTÉTICO'!$B:$B,0))} -> 235266.13 | F20: =IFERROR(E20/$E$39,"-") -> 0.096549987
B21: 5 | C21: {=INDEX('ORC. SINTÉTICO'!$E:$E,MATCH($B21,'ORC. SINTÉTICO'!$B:$B,0))} -> COBERTURA | E21: {=INDEX('ORC. SINTÉTICO'!$N:$N,MATCH($B21,'ORC. SINTÉTICO'!$B:$B,0))} -> 120023.72 | F21: =IFERROR(E21/$E$39,"-") -> 0.049256086
B22: 6 | C22: {=INDEX('ORC. SINTÉTICO'!$E:$E,MATCH($B22,'ORC. SINTÉTICO'!$B:$B,0))} -> IMPERMEABILIZAÇÃO | E22: {=INDEX('ORC. SINTÉTICO'!$N:$N,MATCH($B22,'ORC. SINTÉTICO'!$B:$B,0))} -> 17536.64 | F22: =IFERROR(E22/$E$39,"-") -> 0.0071967961
B23: 7 | C23: {=INDEX('ORC. SINTÉTICO'!$E:$E,MATCH($B23,'ORC. SINTÉTICO'!$B:$B,0))} -> ESQUADRIAS | E23: {=INDEX('ORC. SINTÉTICO'!$N:$N,MATCH($B23,'ORC. SINTÉTICO'!$B:$B,0))} -> 245102.5 | F23: =IFERROR(E23/$E$39,"-") -> 0.1005867
B24: 8 | C24: {=INDEX('ORC. SINTÉTICO'!$E:$E,MATCH($B24,'ORC. SINTÉTICO'!$B:$B,0))} -> REVESTIMENTO DE PAREDE | E24: {=INDEX('ORC. SINTÉTICO'!$N:$N,MATCH($B24,'ORC. SINTÉTICO'!$B:$B,0))} -> 106598.29 | F24: =IFERROR(E24/$E$39,"-") -> 0.043746474
B25: 9 | C25: {=INDEX('ORC. SINTÉTICO'!$E:$E,MATCH($B25,'ORC. SINTÉTICO'!$B:$B,0))} -> REVESTIMENTO DE PISO INTERNO | E25: {=INDEX('ORC. SINTÉTICO'!$N:$N,MATCH($B25,'ORC. SINTÉTICO'!$B:$B,0))} -> 145648.16 | F25: =IFERROR(E25/$E$39,"-") -> 0.059772004
B26: 10 | C26: {=INDEX('ORC. SINTÉTICO'!$E:$E,MATCH($B26,'ORC. SINTÉTICO'!$B:$B,0))} -> REVESTIMENTO DE PISO EXTERNO | E26: {=INDEX('ORC. SINTÉTICO'!$N:$N,MATCH($B26,'ORC. SINTÉTICO'!$B:$B,0))} -> 54364.62 | F26: =IFERROR(E26/$E$39,"-") -> 0.022310493
B27: 11 | C27: {=INDEX('ORC. SINTÉTICO'!$E:$E,MATCH($B27,'ORC. SINTÉTICO'!$B:$B,0))} -> REVESTIMENTO DE TETO | E27: {=INDEX('ORC. SINTÉTICO'!$N:$N,MATCH($B27,'ORC. SINTÉTICO'!$B:$B,0))} -> 54869.32 | F27: =IFERROR(E27/$E$39,"-") -> 0.022517615
B28: 12 | C28: {=INDEX('ORC. SINTÉTICO'!$E:$E,MATCH($B28,'ORC. SINTÉTICO'!$B:$B,0))} -> PINTURA | E28: {=INDEX('ORC. SINTÉTICO'!$N:$N,MATCH($B28,'ORC. SINTÉTICO'!$B:$B,0))} -> 101421.96 | F28: =IFERROR(E28/$E$39,"-") -> 0.041622179
... B37: 21 | C37: {=INDEX('ORC. SINTÉTICO'!$E:$E,MATCH($B37,'ORC. SINTÉTICO'!$B:$B,0))} -> SERVIÇOS COMPLEMENTARES | E37: {=INDEX('ORC. SINTÉTICO'!$N:$N,MATCH($B37,'ORC. SINTÉTICO'!$B:$B,0))} -> 1410.47 | F37: =IFERROR(E37/$E$39,"-") -> 0.00057883751
B39: TOTAL | E39: =SUBTOTAL(9,E17:E37) -> 2436728.7 | F39: =SUBTOTAL(9,F17:F37) -> 1
B41: Notas:
B42: Estão exclusos do escopo: movimentação de terra, mobiliário e equipamentos, piso intertravado, bate-macas, chapas metálicas das portas, paisagismo (exceto grama), instalações de automação, CFTV, energia fotovoltaica, controle de acesso, CATV, sonorização, compressor odontológico e bomba de vacuo odontológico portatéis e equipamentos de ar condicionado.
B49: ________________________________________________________________________________
B50: ='DADOS GERAIS'!C24 -> 0
B51: ='DADOS GERAIS'!C25 -> 0

Sheet ORC. SINTÉTICO
B2: PLANILHA DE ORÇAMENTO SINTÉTICO
B8: ='DADOS GERAIS'!$B$8 -> Secretaria de Atenção Especializada à Saúde | K8: =RESUMO!D8 -> BDI Geral: | M8: =RESUMO!E8 -> Encargo Social Mensalista: | O8: ='DADOS GERAIS'!$B$22 -> Data:
B9: ='DADOS GERAIS'!$B$9 -> Unidade Básica de Saúde Porte 2 - Área Construída: 500,17m² | K9: =RESUMO!D9 -> 0.24017566 | M9: =RESUMO!E9 -> 0.6979 | O9: ='DADOS GERAIS'!$C$22 -> 11/02/2025
B11: =RESUMO!B11 -> Bancos: | K11: =RESUMO!D11 -> BDI Equipamentos: | M11: =RESUMO!E11 -> Encargo Social Horista: | O11: ='DADOS GERAIS'!$B$23 -> Revisão:
B12: ='DADOS GERAIS'!$B$12 -> SINAPI (11/2024) - CPOS/CDHU (01/2025) - SBC (01/2025) - ORSE (10/2024) - IOPES (08/2024) - EMOP (11/2024) - SEINFRA (028) | K12: =RESUMO!D12 -> 0.13512301 | M12: =RESUMO!E12 -> 1.1287768 | O12: ='DADOS GERAIS'!$C$23 -> 00
B15: Item | C15: Código | D15: Banco | E15: Descrição | F15: Und | G15: Quant. | H15: Valor Unit | I15: Valor Unit com BDI | L15: Total | O15: Peso (%)
I16: M. O. | J16: MAT. | K16: Total | L16: M. O. | M16: MAT. | N16: Total
B18: 1 | E18: SERVIÇOS PRELIMINARES E INDIRETOS | N18: =N19+N25+N27 -> 30089.975 | O18: =N18/N471 -> 0.012348512
B19: 1.1 | E19: CANTEIRO DE OBRAS | N19: =N20+N21+N22+N23+N24 -> 10289.82 | O19: =N19/N18 -> 0.34196838
B20: 1.1.2 | C20: 11703 | D20: ORSE | E20: Barracão aberto para apoio à produção (carpintaria, central de armação, oficina, etc.) c/ tesouras, telha 4mm, piso em concreto desempolado | F20: m² | G20: 16 | H20: 193.83 | I20: 60.15 | J20: 174.01 | K20: 234.16 | L20: =I20*G20 -> 962.4 | M20: =J20*G20 -> 2784.16 | N20: =L20+M20 -> 3746.56 | O20: =N20/N$19 -> 0.36410355
B21: 1.1.5 | C21: 95648 | D21: SINAPI | E21: KIT CAVALETE PARA MEDIÇÃO DE ÁGUA - ENTRADA INDIVIDUALIZADA, EM CPVC DN 28 MM (1"), PARA 1 MEDIDOR - FORNECIMENTO E INSTALAÇÃO (EXCLUSIVE HIDRÔMETRO). AF_03/2024 | F21: UN | G21: 1 | H21: 591.34 | I21: 84.45 | J21: 629.94 | K21: 714.39 | L21: =I21*G21 -> 84.45 | M21: =J21*G21 -> 629.94 | N21: =L21+M21 -> 714.39 | O21: =N21/N$19 -> 0.06942687
B22: 1.1.6 | C22: 95673 | D22: SINAPI | E22: HIDRÔMETRO DN 1/2", 1,5 M3/H - FORNECIMENTO E INSTALAÇÃO. AF_03/2024 | F22: UN | G22: 1 | H22: 169.02 | I22: 22.18 | J22: 182.01 | K22: 204.19 | L22: =I22*G22 -> 22.18 | M22: =J22*G22 -> 182.01 | N22: =L22+M22 -> 204.19 | O22: =N22/N$19 -> 0.019843885
B23: 1.1.7 | C23: 101509 | D23: SINAPI | E23: ENTRADA DE ENERGIA ELÉTRICA, AÉREA, TRIFÁSICA, COM CAIXA DE EMBUTIR, CABO DE 10 MM2 E DISJUNTOR DIN 50A (NÃO INCLUSO O POSTE DE CONCRETO). AF_07/2020_PS | F23: UN | G23: 1 | H23: 1896.83 | I23: 501.36 | J23: 1790.2 | K23: 2291.56 | L23: =I23*G23 -> 501.36 | M23: =J23*G23 -> 1790.2 | N23: =L23+M23 -> 2291.56 | O23: =N23/N$19 -> 0.22270166
B24: 1.1.8 | C24: 103689 | D24: SINAPI | E24: FORNECIMENTO E INSTALAÇÃO DE PLACA DE OBRA COM CHAPA GALVANIZADA E ESTRUTURA DE MADEIRA. AF_03/2022_PS | F24: m² | G24: 6 | H24: 459.83 | I24: 39.23 | J24: 516.29 | K24: 555.52 | L24: =I24*G24 -> 235.38 | M24: =J24*G24 -> 3097.74 | N24: =L24+M24 -> 3333.12 | O24: =N24/N$19 -> 0.32392403
B25: 1.2 | E25: ADMINISTRAÇÃO LOCAL DA OBRA | N25: =N26 -> 13844.105 | O25: =N25/N18 -> 0.46009027
C26: 93572 | D26: SINAPI | E26: ENCARREGADO GERAL DE OBRAS COM ENCARGOS COMPLEMENTARES | F26: MES | G26: 2.4 | H26: 11162.8 | N26: =H26*1.2402 -> 13844.105 | O26: =N26/N25 -> 1
B27: 1.3 | E27: MOBILIZAÇÃO E DESMOBILIZAÇÃO | N27: =N28 -> 5956.05 | O27: =N27/N18 -> 0.19794134
B28: 1.3.1 | C28: 012689 | D28: SBC | E28: MOBILIZACAO E DESMOBILIZACAO DE CANTEIRO | F28: UN | G28: 1 | H28: 4930.1 | I28: 5954.67 | J28: 1.38 | K28: 5956.05 | L28: 5954.67 | M28: 1.38 | N28: 5956.05 | O28: =N28/N27 -> 1
B29: 2 | E29: FUNDAÇÃO | N29: =N30+N31+N32+N33+N34+N35+N36+N37+N38+N39+N40+N41+N42+N43+N44+N45 -> 262901.5 | O29: =N29/N471 -> 0.10789116
B30: 2.1 | C30: 99059 | D30: SINAPI | E30: LOCAÇÃO CONVENCIONAL DE OBRA, UTILIZANDO GABARITO DE TÁBUAS CORRIDAS PONTALETADAS A CADA 2,00M - 2 UTILIZAÇÕES. AF_03/2024 | F30: M | G30: 135.65 | H30: 57.28 | I30: 37.3 | J30: 31.89 | K30: 69.19 | L30: =I30*G30 -> 5059.745 | M30: =J30*G30 -> 4325.8785 | N30: =M30+L30 -> 9385.6235 | O30: =N30/N$29 -> 0.035700152
B31: 2.2 | C31: 90100 | D31: SINAPI | E31: ESCAVAÇÃO MECANIZADA DE VALA COM PROF. ATÉ 1,5 M (MÉDIA MONTANTE E JUSANTE/UMA COMPOSIÇÃO POR TRECHO), RETROESCAV. (0,26 M3), LARG. DE 0,8 M A 1,5 M, EM SOLO DE 1A CATEGORIA, EM LOCAIS COM ALTO NÍVEL DE INTERFERÊNCIA. AF_02/2021 | F31: m³ | G31: 190.69 | H31: 13.71 | I31: 6.21 | J31: 10.35 | K31: 16.56 | L31: =I31*G31 -> 1184.1849 | M31: =J31*G31 -> 1973.6415 | N31: =M31+L31 -> 3157.8264 | O31: =N31/N$29 -> 0.012011443
B32: 2.3 | C32: 93358 | D32: SINAPI | E32: ESCAVAÇÃO MANUAL DE VALA COM PROFUNDIDADE MENOR OU IGUAL A 1,30 M. AF_02/2021 | F32: m³ | G32: 47.67 | H32: 91.29 | I32: 82.87 | J32: 27.41 | K32: 110.28 | L32: =I32*G32 -> 3950.4129 | M32: =J32*G32 -> 1306.6347 | N32: =M32+L32 -> 5257.0476 | O32: =N32/N$29 -> 0.019996263
B33: 2.4 | C33: 100324 | D33: SINAPI | E33: LASTRO COM MATERIAL GRANULAR (PEDRA BRITADA N.1 E PEDRA BRITADA N.2), APLICADO EM PISOS OU LAJES SOBRE SOLO, ESPESSURA DE *10 CM*. AF_01/2024 | F33: m³ | G33: 63.85 | H33: 163.51 | I33: 55.36 | J33: 142.17 | K33: 197.53 | L33: =I33*G33 -> 3534.736 | M33: =J33*G33 -> 9077.5545 | N33: =M33+L33 -> 12612.29 | O33: =N33/N$29 -> 0.047973444
B34: 2.5 | C34: 96534 | D34: SINAPI | E34: FABRICAÇÃO, MONTAGEM E DESMONTAGEM DE FÔRMA PARA BLOCO DE COROAMENTO, EM MADEIRA SERRADA, E=25 MM, 4 UTILIZAÇÕES. AF_01/2024 | F34: m² | G34: 465.2 | H34: 74.38 | I34: 50.63 | J34: 39.22 | K34: 89.85 | L34: =I34*G34 -> 23553.076 | M34: =J34*G34 -> 18245.144 | N34: =M34+L34 -> 41798.22 | O34: =N34/N$29 -> 0.15898814
B35: 2.6 | C35: 96543 | D35: SINAPI | E35: ARMAÇÃO DE BLOCO UTILIZANDO AÇO CA-60 DE 5 MM - MONTAGEM. AF_01/2024 | F35: KG | G35: 536 | H35: 20.33 | I35: 10.52 | J35: 14.04 | K35: 24.56 | L35: =I35*G35 -> 5638.72 | M35: =J35*G35 -> 7525.44 | N35: =M35+L35 -> 13164.16 | O35: =N35/N$29 -> 0.050072593
B36: 2.7 | C36: 96544 | D36: SINAPI | E36: ARMAÇÃO DE BLOCO UTILIZANDO AÇO CA-50 DE 6,3 MM - MONTAGEM. AF_01/2024 | F36: KG | G36: 41.3 | H36: 18.35 | I36: 7.73 | J36: 14.43 | K36: 22.16 | L36: =I36*G36 -> 319.249 | M36: =J36*G36 -> 595.959 | N36: =M36+L36 -> 915.208 | O36: =N36/N$29 -> 0.0034811821
B37: 2.8 | C37: 96545 | D37: SINAPI | E37: ARMAÇÃO DE BLOCO UTILIZANDO AÇO CA-50 DE 8 MM - MONTAGEM. AF_01/2024 | F37: KG | G37: 395.2 | H37: 16.55 | I37: 5.66 | J37: 14.33 | K37: 19.99 | L37: =I37*G37 -> 2236.832 | M37: =J37*G37 -> 5663.216 | N37: =M37+L37 -> 7900.048 | O37: =N37/N$29 -> 0.030049459
B38: 2.9 | C38: 96546 | D38: SINAPI | E38: ARMAÇÃO DE BLOCO UTILIZANDO AÇO CA-50 DE 10 MM - MONTAGEM. AF_01/2024 | F38: KG | G38: 2221 | H38: 14.47 | I38: 4.26 | J38: 13.22 | K38: 17.48 | L38: =I38*G38 -> 9461.46 | M38: =J38*G38 -> 29361.62 | N38: =M38+L38 -> 38823.08 | O38: =N38/N$29 -> 0.14767158
B39: 2.10 | C39: 104920 | D39: SINAPI | E39: ARMAÇÃO DE BLOCO, SAPATA ISOLADA, VIGA BALDRAME E SAPATA CORRIDA UTILIZANDO AÇO CA-50 DE 12,5 MM - MONTAGEM. AF_01/2024 | F39: KG | G39: 425.3 | H39: 11.17 | I39: 2.35 | J39: 11.14 | K39: 13.49 | L39: =I39*G39 -> 999.455 | M39: =J39*G39 -> 4737.842 | N39: =M39+L39 -> 5737.297 | O39: =N39/N$29 -> 0.021822991
B40: 2.11 | C40: 104921 | D40: SINAPI | E40: ARMAÇÃO DE BLOCO, SAPATA ISOLADA, VIGA BALDRAME E SAPATA CORRIDA UTILIZANDO AÇO CA-50 DE 16 MM - MONTAGEM. AF_01/2024 | F40: KG | G40: 531.5 | H40: 10.52 | I40: 1.77 | J40: 10.93 | K40: 12.7 | L40: =I40*G40 -> 940.755 | M40: =J40*G40 -> 5809.295 | N40: =M40+L40 -> 6750.05 | O40: =N40/N$29 -> 0.025675205
B41: 2.12 | C41: 96557 | D41: SINAPI | E41: CONCRETAGEM DE BLOCO DE COROAMENTO OU VIGA BALDRAME, FCK 30 MPA, COM USO DE BOMBA - LANÇAMENTO, ADENSAMENTO E ACABAMENTO. AF_01/2024 | F41: m³ | G41: 76.2 | H41: 783.61 | I41: 19.38 | J41: 927.29 | K41: 946.67 | L41: =I41*G41 -> 1476.756 | M41: =J41*G41 -> 70659.498 | N41: =M41+L41 -> 72136.254 | O41: =N41/N$29 -> 0.2743851
B42: 2.13 | C42: 101176 | D42: SINAPI | E42: ESTACA BROCA DE CONCRETO, DIÂMETRO DE 30 CM, ESCAVAÇÃO MANUAL COM TRADO CONCHA, INTEIRAMENTE ARMADA | F42: m | G42: 44 | H42: 150.1 | N42: =G42*(H42*1.2402) -> 8190.7769 | O42: =N42/N$29 -> 0.031155307
B43: 2.14 | C43: 93382 | D43: SINAPI | E43: REATERRO MANUAL DE VALAS, COM COMPACTADOR DE SOLOS DE PERCUSSÃO. AF_08/2023 | F43: m³ | G43: 284.54 | H43: 29.36 | I43: 24.91 | J43: 10.55 | K43: 35.46 | L43: =I43*G43 -> 7087.8914 | M43: =J43*G43 -> 3001.897 | N43: =L43+M43 -> 10089.788 | O43: =N43/N$29 -> 0.038378588
B44: 2.15 | C44: 98557 | D44: SINAPI | E44: IMPERMEABILIZAÇÃO DE SUPERFÍCIE COM EMULSÃO ASFÁLTICA, 2 DEMÃOS. AF_09/2023 | F44: m² | G44: 463.02 | H44: 46.64 | I44: 14.39 | J44: 41.95 | K44: 56.34 | L44: =I44*G44 -> 6662.8578 | M44: =J44*G44 -> 19423.689 | N44: =L44+M44 -> 26086.547 | O44: =N44/N$29 -> 0.099225553
C45: 96545 | D45: SINAPI | E45: ARMAÇÃO DE BLOCO UTILIZANDO AÇO CA-50 DE 8 MM - MONTAGEM. AF_01/2024 | F45: KG | G45: 50 | H45: 14.47 | N45: =H45*(G45*1.2402) -> 897.2847 | O45: =N45/N$29 -> 0.0034130071
B46: 3 | E46: ESTRUTURA | N46: =N47+N54+N64+N74 -> 338382.02 | O46: =N46/N471 -> 0.13886733
B47: 3.1 | E47: PILARES | N47: =N48+N49+N50+N51+N52+N53 -> 58476.556 | O47: =N47/N46 -> 0.17281224
B48: 3.1.1 | C48: 92423 | D48: SINAPI | E48: MONTAGEM E DESMONTAGEM DE FÔRMA DE PILARES RETANGULARES E ESTRUTURAS SIMILARES, PÉ-DIREITO SIMPLES, EM CHAPA DE MADEIRA COMPENSADA RESINADA, 6 UTILIZAÇÕES. AF_09/2020 | F48: m² | G48: 263.8 | H48: 74.99 | I48: 32.31 | J48: 58.28 | K48: 90.59 | L48: =I48*G48 -> 8523.378 | M48: =J48*G48 -> 15374.264 | N48: =L48+M48 -> 23897.642 | O48: =N48/N$47 -> 0.40867048
B49: 3.1.2 | C49: 92762 | D49: SINAPI | E49: ARMAÇÃO DE PILAR OU VIGA DE ESTRUTURA CONVENCIONAL DE CONCRETO ARMADO UTILIZANDO AÇO CA-50 DE 10,0 MM - MONTAGEM. AF_06/2022 | F49: KG | G49: 621.1 | H49: 11.44 | I49: 1.39 | J49: 12.43 | K49: 13.82 | L49: =I49*G49 -> 863.329 | M49: =J49*G49 -> 7720.273 | N49: =L49+M49 -> 8583.602 | O49: =N49/N$47 -> 0.14678706
B50: 3.1.3 | C50: 92763 | D50: SINAPI | E50: ARMAÇÃO DE PILAR OU VIGA DE ESTRUTURA CONVENCIONAL DE CONCRETO ARMADO UTILIZANDO AÇO CA-50 DE 12,5 MM - MONTAGEM. AF_06/2022 | F50: KG | G50: 165.1 | H50: 9.62 | I50: 0.88 | J50: 10.74 | K50: 11.62 | L50: =I50*G50 -> 145.288 | M50: =J50*G50 -> 1773.174 | N50: =L50+M50 -> 1918.462 | O50: =N50/N$47 -> 0.03280737
B51: 3.1.4 | C51: 92764 | D51: SINAPI | E51: ARMAÇÃO DE PILAR OU VIGA DE ESTRUTURA CONVENCIONAL DE CONCRETO ARMADO UTILIZANDO AÇO CA-50 DE 16,0 MM - MONTAGEM. AF_06/2022 | F51: KG | G51: 176 | H51: 9.31 | I51: 0.62 | J51: 10.62 | K51: 11.24 | L51: =I51*G51 -> 109.12 | M51: =J51*G51 -> 1869.12 | N51: =L51+M51 -> 1978.24 | O51: =N51/N$47 -> 0.033829626
B52: 3.1.5 | C52: 92759 | D52: SINAPI | E52: ARMAÇÃO DE PILAR OU VIGA DE ESTRUTURA CONVENCIONAL DE CONCRETO ARMADO UTILIZANDO AÇO CA-60 DE 5,0 MM - MONTAGEM. AF_06/2022 | F52: KG | G52: 391.4 | H52: 14.4 | I52: 4.91 | J52: 12.48 | K52: 17.39 | L52: =I52*G52 -> 1921.774 | M52: =J52*G52 -> 4884.672 | N52: =L52+M52 -> 6806.446 | O52: =N52/N$47 -> 0.11639615
B53: 3.1.6 | C53: CPU2284 | D53: Próprio | E53: CONCRETAGEM DE PILARES, FCK = 30 MPA, COM USO DE BOMBA - LANÇAMENTO, ADENSAMENTO E ACABAMENTO. AF_02/2022_PS | F53: m³ | G53: 17.4 | H53: 727.48 | I53: 40.03 | J53: 838.83 | K53: 878.86 | L53: =I53*G53 -> 696.522 | M53: =J53*G53 -> 14595.642 | N53: =L53+M53 -> 15292.164 | O53: =N53/N$47 -> 0.26150931
B54: 3.2 | E54: VIGAS | N54: =N55+N56+N57+N58+N59+N60+N61+N62+N63 -> 126122.35 | O54: =N54/N46 -> 0.37272177
B55: 3.2.1 | C55: 92460 | D55: SINAPI | E55: MONTAGEM E DESMONTAGEM DE FÔRMA DE VIGA, ESCORAMENTO METÁLICO, PÉ-DIREITO SIMPLES, EM CHAPA DE MADEIRA RESINADA, 6 UTILIZAÇÕES. AF_09/2020 | F55: m² | G55: 325.1 | H55: 130.77 | I55: 58.09 | J55: 99.89 | K55: 157.98 | L55: =I55*G55 -> 18885.059 | M55: =J55*G55 -> 32474.239 | N55: =L55+M55 -> 51359.298 | O55: =N55/N$54 -> 0.40721807
B56: 3.2.2 | C56: 92760 | D56: SINAPI | E56: ARMAÇÃO DE PILAR OU VIGA DE ESTRUTURA CONVENCIONAL DE CONCRETO ARMADO UTILIZANDO AÇO CA-50 DE 6,3 MM - MONTAGEM. AF_06/2022 | F56: KG | G56: 18.7 | H56: 13.61 | I56: 3.25 | J56: 13.19 | K56: 16.44 | L56: =I56*G56 -> 60.775 | M56: =J56*G56 -> 246.653 | N56: =L56+M56 -> 307.428 | O56: =N56/N$54 -> 0.0024375379
B57: 3.2.3 | C57: 92761 | D57: SINAPI | E57: ARMAÇÃO DE PILAR OU VIGA DE ESTRUTURA CONVENCIONAL DE CONCRETO ARMADO UTILIZANDO AÇO CA-50 DE 8,0 MM - MONTAGEM. AF_06/2022 | F57: KG | G57: 518.7 | H57: 12.8 | I57: 2.12 | J57: 13.34 | K57: 15.46 | L57: =I57*G57 -> 1099.644 | M57: =J57*G57 -> 6919.458 | N57: =L57+M57 -> 8019.102 | O57: =N57/N$54 -> 0.063581929
B58: 3.2.4 | C58: 92762 | D58: SINAPI | E58: ARMAÇÃO DE PILAR OU VIGA DE ESTRUTURA CONVENCIONAL DE CONCRETO ARMADO UTILIZANDO AÇO CA-50 DE 10,0 MM - MONTAGEM. AF_06/2022 | F58: KG | G58: 668.5 | H58: 11.44 | I58: 1.39 | J58: 12.43 | K58: 13.82 | L58: =I58*G58 -> 929.215 | M58: =J58*G58 -> 8309.455 | N58: =L58+M58 -> 9238.67 | O58: =N58/N$54 -> 0.07325165
B59: 3.2.5 | C59: 92763 | D59: SINAPI | E59: ARMAÇÃO DE PILAR OU VIGA DE ESTRUTURA CONVENCIONAL DE CONCRETO ARMADO UTILIZANDO AÇO CA-50 DE 12,5 MM - MONTAGEM. AF_06/2022 | F59: KG | G59: 766 | H59: 9.62 | I59: 0.88 | J59: 10.74 | K59: 11.62 | L59: =I59*G59 -> 674.08 | M59: =J59*G59 -> 8226.84 | N59: =L59+M59 -> 8900.92 | O59: =N59/N$54 -> 0.070573695
B60: 3.2.6 | C60: 92764 | D60: SINAPI | E60: ARMAÇÃO DE PILAR OU VIGA DE ESTRUTURA CONVENCIONAL DE CONCRETO ARMADO UTILIZANDO AÇO CA-50 DE 16,0 MM - MONTAGEM. AF_06/2022 | F60: KG | G60: 501.2 | H60: 9.31 | I60: 0.62 | J60: 10.62 | K60: 11.24 | L60: =I60*G60 -> 310.744 | M60: =J60*G60 -> 5322.744 | N60: =L60+M60 -> 5633.488 | O60: =N60/N$54 -> 0.044666851
B61: 3.2.7 | C61: 92765 | D61: SINAPI | E61: ARMAÇÃO DE PILAR OU VIGA DE ESTRUTURA CONVENCIONAL DE CONCRETO ARMADO UTILIZANDO AÇO CA-50 DE 20,0 MM - MONTAGEM. AF_06/2022 | F61: KG | G61: 93.4 | H61: 10.64 | I61: 0.45 | J61: 12.4 | K61: 12.85 | L61: =I61*G61 -> 42.03 | M61: =J61*G61 -> 1158.16 | N61: =L61+M61 -> 1200.19 | O61: =N61/N$54 -> 0.0095160773
B62: 3.2.8 | C62: 92759 | D62: SINAPI | E62: ARMAÇÃO DE PILAR OU VIGA DE ESTRUTURA CONVENCIONAL DE CONCRETO ARMADO UTILIZANDO AÇO CA-60 DE 5,0 MM - MONTAGEM. AF_06/2022 | F62: KG | G62: 519.2 | H62: 14.4 | I62: 4.91 | J62: 12.48 | K62: 17.39 | L62: =I62*G62 -> 2549.272 | M62: =J62*G62 -> 6479.616 | N62: =L62+M62 -> 9028.888 | O62: =N62/N$54 -> 0.071588329
B63: 3.2.9 | C63: CPU2283 | D63: Próprio | E63: CONCRETAGEM DE VIGAS E LAJES, FCK=30 MPA, PARA LAJES MACIÇAS OU NERVURADAS COM USO DE BOMBA - LANÇAMENTO, ADENSAMENTO E ACABAMENTO. | F63: m³ | G63: 36.9 | H63: 727.58 | I63: 40.65 | J63: 838.33 | K63: 878.98 | L63: =I63*G63 -> 1499.985 | M63: =J63*G63 -> 30934.377 | N63: =L63+M63 -> 32434.362 | O63: =N63/N$54 -> 0.25716586
B64: 3.3 | E64: LAJES | N64: =N65+N66+N67+N68+N69+N70+N71+N72+N73 -> 147977.11 | O64: =N64/N46 -> 0.43730784
B65: 3.3.1 | C65: 92515 | D65: SINAPI | E65: MONTAGEM E DESMONTAGEM DE FÔRMA DE LAJE MACIÇA, PÉ-DIREITO DUPLO, EM CHAPA DE MADEIRA COMPENSADA RESINADA, 6 UTILIZAÇÕES. AF_09/2020 | F65: m² | G65: 60.6 | H65: 84.76 | I65: 31.25 | J65: 71.14 | K65: 102.39 | L65: =I65*G65 -> 1893.75 | M65: =J65*G65 -> 4311.084 | N65: =L65+M65 -> 6204.834 | O65: =N65/N$64 -> 0.041931038
B66: 3.3.2 | C66: 92768 | D66: SINAPI | E66: ARMAÇÃO DE LAJE DE ESTRUTURA CONVENCIONAL DE CONCRETO ARMADO UTILIZANDO AÇO CA-60 DE 5,0 MM - MONTAGEM. AF_06/2022 | F66: KG | G66: 352.8 | H66: 13.77 | I66: 4.21 | J66: 12.42 | K66: 16.63 | L66: =I66*G66 -> 1485.288 | M66: =J66*G66 -> 4381.776 | N66: =L66+M66 -> 5867.064 | O66: =N66/N$64 -> 0.039648456
B67: 3.3.3 | C67: 92769 | D67: SINAPI | E67: ARMAÇÃO DE LAJE DE ESTRUTURA CONVENCIONAL DE CONCRETO ARMADO UTILIZANDO AÇO CA-50 DE 6,3 MM - MONTAGEM. AF_06/2022 | F67: KG | G67: 546 | H67: 13.04 | I67: 2.69 | J67: 13.06 | K67: 15.75 | L67: =I67*G67 -> 1468.74 | M67: =J67*G67 -> 7130.76 | N67: =L67+M67 -> 8599.5 | O67: =N67/N$64 -> 0.058113717
B68: 3.3.4 | C68: 92770 | D68: SINAPI | E68: ARMAÇÃO DE LAJE DE ESTRUTURA CONVENCIONAL DE CONCRETO ARMADO UTILIZANDO AÇO CA-50 DE 8,0 MM - MONTAGEM. AF_06/2022 | F68: KG | G68: 167.4 | H68: 12.3 | I68: 1.66 | J68: 13.19 | K68: 14.85 | L68: =I68*G68 -> 277.884 | M68: =J68*G68 -> 2208.006 | N68: =L68+M68 -> 2485.89 | O68: =N68/N$64 -> 0.016799152
B69: 3.3.5 | C69: 92771 | D69: SINAPI | E69: ARMAÇÃO DE LAJE DE ESTRUTURA CONVENCIONAL DE CONCRETO ARMADO UTILIZANDO AÇO CA-50 DE 10,0 MM - MONTAGEM. AF_06/2022 | F69: KG | G69: 197.5 | H69: 11 | I69: 0.99 | J69: 12.29 | K69: 13.28 | L69: =I69*G69 -> 195.525 | M69: =J69*G69 -> 2427.275 | N69: =L69+M69 -> 2622.8 | O69: =N69/N$64 -> 0.017724363
B70: 3.3.6 | C70: 92772 | D70: SINAPI | E70: ARMAÇÃO DE LAJE DE ESTRUTURA CONVENCIONAL DE CONCRETO ARMADO UTILIZANDO AÇO CA-50 DE 12,5 MM - MONTAGEM. AF_06/2022 | F70: KG | G70: 5.9 | H70: 9.22 | I70: 0.54 | J70: 10.59 | K70: 11.13 | L70: =I70*G70 -> 3.186 | M70: =J70*G70 -> 62.481 | N70: =L70+M70 -> 65.667 | O70: =N70/N$64 -> 0.00044376457
B71: 3.3.7 | C71: CPU2283 | D71: Próprio | E71: CONCRETAGEM DE VIGAS E LAJES, FCK=30 MPA, PARA LAJES MACIÇAS OU NERVURADAS COM USO DE BOMBA - LANÇAMENTO, ADENSAMENTO E ACABAMENTO. | F71: m³ | G71: 42.8 | H71: 727.58 | I71: 40.65 | J71: 838.33 | K71: 878.98 | L71: =I71*G71 -> 1739.82 | M71: =J71*G71 -> 35880.524 | N71: =L71+M71 -> 37620.344 | O71: =N71/N$64 -> 0.25423083
B72: 3.3.9 | C72: CPU2100 | D72: Próprio | E72: Laje pré-fabricada unidirecional em viga treliçada/lajota em EPS LT 16 (12 + 4), exceto capa de concreto | F72: m² | G72: 415.88 | H72: 111.84 | I72: 33.29 | J72: 101.82 | K72: 135.11 | L72: =I72*G72 -> 13844.645 | M72: =J72*G72 -> 42344.902 | N72: =L72+M72 -> 56189.547 | O72: =N72/N$64 -> 0.37971782
B73: 3.3.10 | C73: 101792 | D73: SINAPI | E73: ESCORAMENTO DE FÔRMAS DE LAJE EM MADEIRA NÃO APARELHADA, PÉ-DIREITO SIMPLES, INCLUSO TRAVAMENTO, 4 UTILIZAÇÕES. AF_09/2020 | F73: m³ | G73: 1555.27 | H73: 15.08 | I73: 7.72 | J73: 10.49 | K73: 18.21 | L73: =I73*G73 -> 12006.684 | M73: =J73*G73 -> 16314.782 | N73: =L73+M73 -> 28321.467 | O73: =N73/N$64 -> 0.19139086
B74: 3.4 | E74: BASE RESERVATÓRIO | N74: =N75+N76 -> 5806.0104 | O74: =N74/N46 -> 0.017158153
B75: 3.4.1 | C75: 97103 | D75: SINAPI | E75: EXECUÇÃO DE RADIER, ESPESSURA DE 20 CM, FCK = 30 MPA, COM USO DE FORMAS EM MADEIRA SERRADA. AF_09/2021 | F75: m² | G75: 6.25 | H75: 275.87 | I75: 31.88 | J75: 301.39 | K75: 333.27 | L75: 199.25 | M75: 1883.68 | N75: 2082.93 | O75: =N75/N74 -> 0.35875409
B76: 3.4.2 | C76: 101176 | D76: SINAPI | E76: ESTACA BROCA DE CONCRETO, DIÂMETRO DE 30 CM, ESCAVAÇÃO MANUAL COM TRADO CONCHA, INTEIRAMENTE ARMADA | F76: m | G76: 20 | H76: 150.1 | N76: =G76*(H76*1.2402) -> 3723.0804 | O76: =N76/N74 -> 0.64124591
B77: 4 | E77: ALVENARIA, VEDAÇÕES E DIVISÓRIAS | N77: =N78+N85+N90 -> 235266.13 | O77: =N77/N471 -> 0.096549987
B78: 4.1 | E78: ALVENARIA DE VEDAÇÃO | N78: 151420.76 | O78: =N78/N77 -> 0.64361479
B79: 4.1.1 | C79: 103322 | D79: SINAPI | E79: ALVENARIA DE VEDAÇÃO DE BLOCOS CERÂMICOS FURADOS NA VERTICAL DE 9X19X39 CM (ESPESSURA 9 CM) E ARGAMASSA DE ASSENTAMENTO COM PREPARO EM BETONEIRA. AF_12/2021 | F79: m² | G79: 11.17 | H79: 56.77 | I79: 23.56 | J79: 45.02 | K79: 68.58 | L79: =I79*G79 -> 263.1652 | M79: =J79*G79 -> 502.8734 | N79: =L79+M79 -> 766.0386 | O79: =N79/N$78 -> 0.0050590064
B80: 4.1.2 | C80: 103324 | D80: SINAPI | E80: ALVENARIA DE VEDAÇÃO DE BLOCOS CERÂMICOS FURADOS NA VERTICAL DE 14X19X39 CM (ESPESSURA 14 CM) E ARGAMASSA DE ASSENTAMENTO COM PREPARO EM BETONEIRA. AF_12/2021 | F80: m² | G80: 1009.97 | H80: 75.93 | I80: 33.8 | J80: 57.93 | K80: 91.73 | L80: =I80*G80 -> 34136.986 | M80: =J80*G80 -> 58507.562 | N80: =L80+M80 -> 92644.548 | O80: =N80/N$78 -> 0.61183518
B81: 4.1.3 | C81: 10783 | D81: ORSE | E81: Cobogo de cimento (elemento vazado, circular), 30 x 30 x 5cm, assentado com argamassa de cimento e areia | F81: m² | G81: 137.8 | H81: 205.73 | I81: 74.41 | J81: 174.13 | K81: 248.54 | L81: =I81*G81 -> 10253.698 | M81: =J81*G81 -> 23995.114 | N81: =L81+M81 -> 34248.812 | O81: =N81/N$78 -> 0.22618307
B82: 4.1.4 | C82: 93191 | D82: SINAPI | E82: VERGA MOLDADA IN LOCO COM UTILIZAÇÃO DE BLOCOS CANALETA, ESPESSURA DE *20* CM. AF_03/2024 | F82: M | G82: 134.25 | H82: 73.09 | I82: 21.98 | J82: 66.32 | K82: 88.3 | L82: =I82*G82 -> 2950.815 | M82: =J82*G82 -> 8903.46 | N82: =L82+M82 -> 11854.275 | O82: =N82/N$78 -> 0.078286987
B83: 4.1.5 | C83: 93199 | D83: SINAPI | E83: CONTRAVERGA MOLDADA IN LOCO COM UTILIZAÇÃO DE BLOCOS CANALETA, ESPESSURA DE *20* CM. AF_03/2024 | F83: M | G83: 86.3 | H83: 53.05 | I83: 14.89 | J83: 49.19 | K83: 64.08 | L83: =I83*G83 -> 1285.007 | M83: =J83*G83 -> 4245.097 | N83: =L83+M83 -> 5530.104 | O83: =N83/N$78 -> 0.036521439
B84: 4.1.6 | C84: 93200 | D84: SINAPI | E84: FIXAÇÃO (ENCUNHAMENTO) DE ALVENARIA DE VEDAÇÃO COM ARGAMASSA APLICADA COM BISNAGA. AF_03/2024 | F84: M | G84: 451.95 | H84: 11.68 | I84: 9.47 | J84: 4.64 | K84: 14.11 | L84: =I84*G84 -> 4279.9665 | M84: =J84*G84 -> 2097.048 | N84: =L84+M84 -> 6377.0145 | O84: =N84/N$78 -> 0.042114532
B85: 4.2 | E85: DRYWALL | N85: 81292.38 | O85: =N85/N77 -> 0.34553372
B86: 4.2.1 | C86: 96359 | D86: SINAPI | E86: PAREDE COM SISTEMA EM CHAPAS DE GESSO PARA DRYWALL, USO INTERNO, COM DUAS FACES SIMPLES E ESTRUTURA METÁLICA COM GUIAS SIMPLES PARA PAREDES COM ÁREA LÍQUIDA MAIOR OU IGUAL A 6 M2, COM VÃOS. AF_07/2023_PS | F86: m² | G86: 50.01 | H86: 119.08 | I86: 23.75 | J86: 120.11 | K86: 143.86 | L86: =I86*G86 -> 1187.7375 | M86: =J86*G86 -> 6006.7011 | N86: =M86+L86 -> 7194.4386 | O86: =N86/N$85 -> 0.088500775
B87: 4.2.2 | C87: CPU1942 | D87: Próprio | E87: PAREDE COM SISTEMA EM CHAPAS DE GESSO RU PARA DRYWALL, USO INTERNO, COM DUAS FACES SIMPLES E ESTRUTURA METÁLICA COM GUIAS SIMPLES PARA PAREDES COM ÁREA LÍQUIDA MAIOR OU IGUAL A 6 M2, COM VÃOS. AF_07/2023_PS | F87: m² | G87: 180.11 | H87: 134.79 | I87: 23.75 | J87: 139.08 | K87: 162.83 | L87: =I87*G87 -> 4277.6125 | M87: =J87*G87 -> 25049.699 | N87: =M87+L87 -> 29327.311 | O87: =N87/N$85 -> 0.36076335
B88: 4.2.3 | C88: CPU2285 | D88: Próprio | E88: PAREDE COM SISTEMA EM CHAPAS DE GESSO ST PARA DRYWALL COM ISOLAMENTO ACUSTICO, USO INTERNO, COM DUAS FACES SIMPLES E ESTRUTURA METÁLICA COM GUIAS SIMPLES PARA PAREDES COM ÁREA LÍQUIDA MAIOR OU IGUAL A 6 M2, COM VÃOS. | F88: m² | G88: 114.28 | H88: 185.77 | I88: 23.75 | J88: 200.67 | K88: 224.42 | L88: =I88*G88 -> 2714.15 | M88: =J88*G88 -> 22932.568 | N88: =M88+L88 -> 25646.718 | O88: =N88/N$85 -> 0.31548735
B89: 4.2.4 | C89: CPU2286 | D89: Próprio | E89: PAREDE COM SISTEMA EM CHAPAS DE GESSO RU PARA DRYWALL COM ISOLAMENTO ACUSTICO, USO INTERNO, COM DUAS FACES SIMPLES E ESTRUTURA METÁLICA COM GUIAS SIMPLES PARA PAREDES COM ÁREA LÍQUIDA MAIOR OU IGUAL A 6 M2, COM VÃOS. | F89: m² | G89: 78.57 | H89: 201.48 | I89: 23.75 | J89: 219.65 | K89: 243.4 | L89: =I89*G89 -> 1866.0375 | M89: =J89*G89 -> 17257.9 | N89: =M89+L89 -> 19123.938 | O89: =N89/N$85 -> 0.23524884
B90: 4.3 | E90: DIVISÓRIAS | N90: 2552.99 | O90: =N90/N77 -> 0.010851498
B91: 4.3.1 | C91: 102257 | D91: SINAPI | E91: DIVISORIA SANITÁRIA, TIPO CABINE, EM PAINEL DE GRANILITE, ESP = 3CM, ASSENTADO COM ARGAMASSA COLANTE AC III-E, EXCLUSIVE FERRAGENS. AF_01/2021 | F91: m² | G91: 0.4 | H91: 346.82 | I91: 100.15 | J91: 318.84 | K91: 418.99 | L91: 40.06 | M91: 127.53 | N91: 167.59 | O91: =N91/N$90 -> 0.065644597
B92: 4.3.2 | C92: 4065 | D92: ORSE | E92: Divisoria Naval (painel com vidro), e=40mm, com perfis em aço - fornecimento e aplicação - Rev 02 | F92: m² | G92: 13.96 | H92: 130 | I92: 0 | J92: 157.05 | K92: 157.05 | L92: 0 | M92: 2192.41 | N92: 2192.41 | O92: =N92/N$90 -> 0.85876169
B93: 4.3.3 | C93: 120220 | D93: SBC | E93: LAMBRI CHAPA ALUMINIO ANODIZADO EM PAREDES | F93: m² | G93: 1.58 | H93: 101.11 | I93: 42.71 | J93: 79.44 | K93: 122.15 | L93: 67.4818 | M93: 125.5082 | N93: 192.99 | O93: =N93/N$90 -> 0.075593716
B94: 5 | E94: COBERTURA | N94: =N95+N99+N102 -> 120023.72 | O94: =N94/N471 -> 0.049256086
B95: 5.1 | E95: ESTRUTURA | N95: 59494.2 | O95: =N95/N94 -> 0.49568702
B96: 5.1.1 | C96: 100776 | D96: SINAPI | E96: ESTRUTURA TRELIÇADA DE COBERTURA, TIPO ARCO, COM LIGAÇÕES PARAFUSADAS, INCLUSOS PERFIS METÁLICOS, CHAPAS METÁLICAS, MÃO DE OBRA E TRANSPORTE COM GUINDASTE - FORNECIMENTO E INSTALAÇÃO. AF_01/2020_PSA | F96: KG | G96: 1345 | H96: 24.69 | I96: 1.9 | J96: 27.92 | K96: 29.82 | L96: 2555.5 | M96: 37552.4 | N96: 40107.9 | O96: =N96/N$95 -> 0.67414807
B97: 5.1.2 | C97: 100383 | D97: SINAPI | E97: FABRICAÇÃO E INSTALAÇÃO DE PONTALETES DE MADEIRA NÃO APARELHADA PARA TELHADOS COM ATÉ 2 ÁGUAS E COM TELHA ONDULADA DE FIBROCIMENTO, ALUMÍNIO OU PLÁSTICA EM EDIFÍCIO RESIDENCIAL DE MÚLTIPLOS PAVIMENTOS, INCLUSO TRANSPORTE VERTICAL. AF_07/2019 | F97: m² | G97: 459.5 | H97: 18.62 | I97: 5.93 | J97: 16.56 | K97: 22.49 | L97: 2724.835 | M97: 7609.315 | N97: 10334.15 | O97: =N97/N$95 -> 0.17370013
B98: 5.1.3 | C98: 92543 | D98: SINAPI | E98: TRAMA DE MADEIRA COMPOSTA POR TERÇAS PARA TELHADOS DE ATÉ 2 ÁGUAS PARA TELHA ONDULADA DE FIBROCIMENTO, METÁLICA, PLÁSTICA OU TERMOACÚSTICA, INCLUSO TRANSPORTE VERTICAL. AF_07/2019 | F98: m² | G98: 459.5 | H98: 16.31 | I98: 4.92 | J98: 14.78 | K98: 19.7 | L98: 2260.74 | M98: 6791.41 | N98: 9052.15 | O98: =N98/N$95 -> 0.15215181
B99: 5.2 | E99: TELHAMENTO | N99: 30376.98 | O99: =N99/N94 -> 0.25309147
B100: 5.2.1 | C100: 94207 | D100: SINAPI | E100: TELHAMENTO COM TELHA ONDULADA DE FIBROCIMENTO E = 6 MM, COM RECOBRIMENTO LATERAL DE 1/4 DE ONDA PARA TELHADO COM INCLINAÇÃO MAIOR QUE 10°, COM ATÉ 2 ÁGUAS, INCLUSO IÇAMENTO. AF_07/2019 | F100: m² | G100: 459.5 | H100: 47.55 | I100: 6.53 | J100: 50.91 | K100: 57.44 | L100: 3000.535 | M100: 23393.145 | N100: 26393.68 | O100: =N100/N99 -> 0.8688711
B101: 5.2.2 | C101: 100113 | D101: SBC | E101: COBERTURA EM CHAPA POLICARBONATO ALVEOLAR 10mm | F101: m² | G101: 34.41 | H101: 95.82 | I101: 0 | J101: 115.76 | K101: 115.76 | L101: 0 | M101: 3983.3 | N101: 3983.3 | O101: =N101/N99 -> 0.1311289
B102: 5.3 | E102: COMPLEMENTOS | N102: 30152.54 | O102: =N102/N94 -> 0.25122151
B103: 5.3.1 | C103: 94229 | D103: SINAPI | E103: CALHA EM CHAPA DE AÇO GALVANIZADO NÚMERO 24, DESENVOLVIMENTO DE 100 CM, INCLUSO TRANSPORTE VERTICAL. AF_07/2019 | F103: M | G103: 90.1 | H103: 193.2 | I103: 28.39 | J103: 205.01 | K103: 233.4 | L103: 2557.939 | M103: 18471.401 | N103: 21029.34 | O103: =N103/N$102 -> 0.69743179
B104: 5.3.2 | C104: 94231 | D104: SINAPI | E104: RUFO EM CHAPA DE AÇO GALVANIZADO NÚMERO 24, CORTE DE 25 CM, INCLUSO TRANSPORTE VERTICAL. AF_07/2019 | F104: M | G104: 76.68 | H104: 59.05 | I104: 8.36 | J104: 62.97 | K104: 71.33 | L104: 641.0448 | M104: 4828.5352 | N104: 5469.58 | O104: =N104/N$102 -> 0.18139699
B105: 5.3.3 | C105: 94451 | D105: SINAPI | E105: CUMEEIRA PARA TELHA DE FIBROCIMENTO ESTRUTURAL E = 6 MM, INCLUSO ACESSÓRIOS DE FIXAÇÃO E IÇAMENTO. AF_07/2019 | F105: M | G105: 33.4 | H105: 90.55 | I105: 3.29 | J105: 106.1 | K105: 109.39 | L105: 109.886 | M105: 3543.734 | N105: 3653.62 | O105: =N105/N$102 -> 0.12117122
B106: 6 | E106: IMPERMEABILIZAÇÃO | N106: 17536.64 | O106: =N106/N471 -> 0.0071967961
B107: 6.1 | C107: 98556 | D107: SINAPI | E107: IMPERMEABILIZIMPERMEABILIZAÇÃO DE SUPERFÍCIE COM ARGAMASSA POLIMÉRICA / MEMBRANA ACRÍLICA, 4 DEMÃOS, REFORÇADA COM VÉU DE POLIÉSTER (MAV). AF_09/2023 | F107: m² | G107: 158.86 | H107: 62.89 | I107: 33.08 | J107: 42.89 | K107: 75.97 | L107: 5255.0888 | M107: 6813.5012 | N107: 12068.59 | O107: =N107/N106 -> 0.68819284
B108: 6.2 | C108: 98555 | D108: SINAPI | E108: IMPERMEABILIZAÇÃO DE SUPERFÍCIE COM ARGAMASSA POLIMÉRICA / MEMBRANA ACRÍLICA, 3 DEMÃOS. AF_09/2023 | F108: m² | G108: 135.65 | H108: 33.37 | I108: 20.21 | J108: 20.1 | K108: 40.31 | L108: 2741.4865 | M108: 2726.5635 | N108: 5468.05 | O108: =N108/N106 -> 0.31180716
B109: 7 | E109: ESQUADRIAS | N109: =N110+N117+N129+N132 -> 245102.5 | O109: =N109/N471 -> 0.1005867
B110: 7.1 | E110: ESQUADRIAS DE MADEIRA | N110: 59145.84 | O110: =N110/N109 -> 0.24131064
...

Sheet CPUS
B2: COMPOSIÇÕES ANALÍTICAS DE PREÇOS UNITÁRIOS
B8: ='DADOS GERAIS'!$B$8 -> Secretaria de Atenção Especializada à Saúde | G8: =RESUMO!D8 -> BDI Geral: | I8: =RESUMO!E8 -> Encargo Social Mensalista: | L8: ='DADOS GERAIS'!$B$22 -> Data:
B9: ='DADOS GERAIS'!$B$9 -> Unidade Básica de Saúde Porte 2 - Área Construída: 500,17m² | G9: =RESUMO!D9 -> 0.24017566 | I9: =RESUMO!E9 -> 0.6979 | L9: ='DADOS GERAIS'!$C$22 -> 11/02/2025
B11: =RESUMO!B11 -> Bancos: | G11: =RESUMO!D11 -> BDI Equipamentos: | I11: =RESUMO!E11 -> Encargo Social Horista: | L11: ='DADOS GERAIS'!$B$23 -> Revisão:
B12: ='DADOS GERAIS'!$B$12 -> SINAPI (11/2024) - CPOS/CDHU (01/2025) - SBC (01/2025) - ORSE (10/2024) - IOPES (08/2024) - EMOP (11/2024) - SEINFRA (028) | G12: =RESUMO!D12 -> 0.13512301 | I12: =RESUMO!E12 -> 1.1287768 | L12: ='DADOS GERAIS'!$C$23 -> 00
B15: Item | C15: Código | D15: Banco | E15: Descrição | G15: Und | H15: Und | I15: Quant. | L15: Total
B17: Composições Principais
B18: 1.1.1 | C18: Código | D18: Banco | E18: Descrição | F18: Tipo | H18: Und | I18: Quant. | J18: Porcent. | K18: Valor Unit | L18: Total
B19: Composição | C19: 02.02.150 | D19: CPOS/CDHU | E19: Locação de container tipo depósito - área mínima de 13,80 m² | F19: 2.02 | H19: UNMES | I19: 1 | K19: 931.47 | L19: 931.47
B20: Insumo | C20: B.01.000.010116 | D20: CPOS/CDHU | E20: Ajudante eletricista | F20: Mão de Obra | H20: H | I20: 1.32 | J20: 0 | K20: 21.43 | L20: 28.28
B21: Insumo | C21: B.01.000.010115 | D21: CPOS/CDHU | E21: Eletricista | F21: Mão de Obra | H21: H | I21: 0.99 | J21: 0 | K21: 31.24 | L21: 30.92
B22: Insumo | C22: B.01.000.010101 | D22: CPOS/CDHU | E22: Ajudante geral | F22: Mão de Obra | H22: H | I22: 1.32 | J22: 0 | K22: 21.43 | L22: 28.28
B23: Insumo | C23: A.12.000.021099 | D23: CPOS/CDHU | E23: Container depósito, módulo metálico em aço galvanizado de 6,0x2,3x2,5m, vão livre, piso de concreto, cimentado, madeira ou material equivalente | F23: Material | H23: UNMES | I23: 1 | J23: 0 | K23: 843.99 | L23: 843.99
G24: MO sem LS => | H24: 87.48 | I24: LS => | J24: 0 | K24: MO com LS => | L24: 87.48
G25: Valor do BDI => | H25: 193.83 | J25: Valor com BDI => | L25: 1125.3
B27: 1.1.2 | C27: Código | D27: Banco | E27: Descrição | F27: Tipo | H27: Und | I27: Quant. | J27: Valor Unit | K27: Total
B28: Composição | C28: 11703 | D28: ORSE | E28: Barracão aberto para apoio à produção (carpintaria, central de armação, oficina, etc.) c/ tesouras, telha 4mm, piso em concreto desempolado | F28: Mobilização / Instalações Provisórias / Desmobilização | H28: m² | I28: 1 | J28: 193.83 | K28: 193.83
B29: Item | C29: Código | D29: Banco | E29: Descrição | F29: Tipo | H29: Und | I29: Quant. | J29: Valor Unit | K29: Total
B30: Composição | C30: 5103 | D30: ORSE | E30: Regularização Manual | F30: Execução de Cortes e Aterros | H30: m² | I30: 1 | J30: 5,16 | K30: 5,16
B31: Composição | C31: 234 | D31: ORSE | E31: Telhamento com telha de fibrocimento ondulada esp = 4mm | F31: Telhamento | H31: m² | I31: 1 | J31: 39,79 | K31: 39,79
B32: Composição | C32: 11702 | D32: ORSE | E32: Piso em concreto simples desempolado, fck = 15 MPa, e = 7 cm - Não inclui formas para juntas de concretagem | F32: Pisos : Cimentados, em Concreto Simples, tipo Tech-Stone e de Alta Resistência | H32: m² | I32: 1 | J32: 50,72 | K32: 50,72
B33: Composição | C33: 199 | D33: ORSE | E33: Madeiramento em massaranduba/madeira de lei, peça serrada p/ telha fibrocimento 4mm tipo Vogatex da Eternit ou similar | F33: Madeiramento | H33: m² | I33: 1 | J33: 48,13 | K33: 48,13
B34: Composição | C34: 211 | D34: ORSE | E34: Madeiramento em massaranduba/madeira de lei, tesoura com vão de 8m a 10 m | F34: Madeiramento | H34: un | I34: 0.03 | J34: 1.660,14 | K34: 49,80
B35: Detalhamento de Cálculo ORSE
B36: Item | C36: Código | D36: Banco | E36: Descrição | F36: Tipo | H36: Und | I36: Quant. | J36: Valor Unit | K36: Total
B37: Insumo | C37: 10579 | D37: ORSE | E37: Chave de fenda chata 30 cm | F37: Material | H37: un | I37: 0.000218 | J37: 26,89 | K37: 0,00
B38: Insumo | C38: 4174 | D38: ORSE | E38: Desempenadeira de aço lisa, cabo madeira, ref:143, Atlas ou similar | F38: Material | H38: un | I38: 0.0002776 | J38: 12,00 | K38: 0,00
B39: Insumo | C39: 10790 | D39: ORSE | E39: Prumo de face | F39: Material | H39: un | I39: 5.552e-05 | J39: 25,95 | K39: 0,00
B40: Insumo | C40: 00012895/SINAPI | D40: ORSE | E40: Capacete de seguranca aba frontal com suspensao de polietileno, sem jugular (classe b) | F40: Material | H40: un | I40: 0.00179436 | J40: 13,45 | K40: 0,02
B41: Insumo | C41: 4729 | D41: ORSE | E41: Marreta 1 kg com cabo | F41: Material | H41: un | I41: 0.00013454 | J41: 37,80 | K41: 0,00
B42: Insumo | C42: 11248 | D42: ORSE | E42: Furadeira e Parafusadeira eletrica Bosch ou Similar profissional | F42: Equipamento | H42: un | I42: 0.000109 | J42: 246,00 | K42: 0,02
B43: Insumo | C43: 00004750/SINAPI | D43: ORSE | E43: Pedreiro (horista) | F43: Mão de Obra | H43: h | I43: 0.5552 | J43: 19,13 | K43: 10,62
B44: Insumo | C44: 00004299/SINAPI | D44: ORSE | E44: Parafuso zincado rosca soberba, cabeca sextavada, 5/16" x 110 mm, para fixacao de telha em madeira | F44: Material | H44: un | I44: 1.42 | J44: 1,84 | K44: 2,61
B45: Insumo | C45: 10492 | D45: ORSE | E45: Cesta Básica | F45: Material | H45: un | I45: 0.0134577 | J45: 190,00 | K45: 2,55
B46: Insumo | C46: 10577 | D46: ORSE | E46: Serrote 40cm | F46: Material | H46: un | I46: 0.000109 | J46: 29,90 | K46: 0,00
B47: Insumo | C47: 00044535/SINAPI | D47: ORSE | E47: Servico de bombeamento de concreto com consumo minimo de 40 m3, (disponibilizacao de bomba), sem o lancamento | F47: Material | H47: m³ | I47: 0.07 | J47: 50,63 | K47: 3,54
B48: Insumo | C48: 634 | D48: ORSE | E48: Concreto usinado bombeavel b0-b1 fck=15mpa | F48: Material | H48: m³ | I48: 0.07 | J48: 472,62 | K48: 33,08
... B82: Insumo | C82: 10789 | D82: ORSE | E82: Nível de bolha de madeira | F82: Material | H82: un | I82: 0.00011104 | J82: 15,40 | K82: 0,00
F83: MO sem LS => | G83: 49.82 | H83: LS => | I83: 0 | J83: MO com LS => | K83: 49.82
F84: Valor do BDI => | G84: 40.33 | I84: Valor com BDI => | K84: 234.16
B86: 1.1.3 | C86: Código | D86: Banco | E86: Descrição | F86: Tipo | H86: Und | I86: Quant. | J86: Valor Unit | K86: Total
B87: Composição | C87: 4656 | D87: ORSE | E87: Locação de container - Banheiro com chuveiros e vasos - 4,30 x 2,30m | F87: Mobilização / Instalações Provisórias / Desmobilização | H87: mês | I87: 1 | J87: 945.23 | K87: 945.23
B88: Item | C88: Código | D88: Banco | E88: Descrição | F88: Tipo | H88: Und | I88: Quant. | J88: Valor Unit | K88: Total
B89: Insumo | C89: 00010777/SINAPI | D89: ORSE | E89: Locacao de container 2,30 x 4,30 m, alt. 2,50 m, para sanitario, com 3 bacias, 4 chuveiros, 1 lavatorio e 1 mictorio (nao inclui mobilizacao/desmobilizacao) | F89: Equipamento | H89: mes | I89: 1 | J89: 945,23 | K89: 945,23
B90: Detalhamento de Cálculo ORSE
B91: Item | C91: Código | D91: Banco | E91: Descrição | F91: Tipo | H91: Und | I91: Quant. | J91: Valor Unit | K91: Total
B92: Insumo | C92: 00010777/SINAPI | D92: ORSE | E92: Locacao de container 2,30 x 4,30 m, alt. 2,50 m, para sanitario, com 3 bacias, 4 chuveiros, 1 lavatorio e 1 mictorio (nao inclui mobilizacao/desmobilizacao) | F92: Equipamento | H92: mes | I92: 1 | J92: 945,23 | K92: 945,23
F93: MO sem LS => | G93: 0 | H93: LS => | I93: 0 | J93: MO com LS => | K93: 0
F94: Valor do BDI => | G94: 196.7 | I94: Valor com BDI => | K94: 1141.93
B96: 1.1.4 | C96: Código | D96: Banco | E96: Descrição | F96: Tipo | H96: Und | I96: Quant. | J96: Porcent. | K96: Valor Unit | L96: Total
B97: Composição | C97: 012208 | D97: SBC | E97: BARRACAO PARA REFEITORIO EM OBRAS EM COMPENSADO | F97: INSTALACOES PROVISORIAS | H97: m² | I97: 1 | K97: 957.24 | L97: 957.24
B98: Insumo | C98: 002004 | D98: SBC | E98: TELHA CIMENTICIA ONDULADA 5mm 1,83x1,10 (2,01m2) | F98: Material | H98: m² | I98: 0.84 | J98: 0 | K98: 24.82 | L98: 20.84
B99: Insumo | C99: 001825 | D99: SBC | E99: MADEIRA DE LEI-RIPA 5x1,5cm | F99: Material | H99: M | I99: 4.949 | J99: 0 | K99: 3.04 | L99: 15.04
B100: Insumo | C100: 099449 | D100: SBC | E100: AJUDANTE DE CARPINTEIRO | F100: Mão de Obra | H100: H | I100: 12.22 | J100: 0 | K100: 16.574783 | L100: 202.54
B101: Insumo | C101: 099350 | D101: SBC | E101: CARPINTEIRO DE FORMAS | F101: Mão de Obra | H101: H | I101: 8.52 | J101: 0 | K101: 19.468455 | L101: 165.87
B102: Insumo | C102: 002047 | D102: SBC | E102: PREGO FERRO GALVANIZADO TELHADEIRO (53 un/kg) | F102: Material | H102: UN | I102: 0.421 | J102: 0 | K102: 0.56 | L102: 0.23
B103: Insumo | C103: 099900 | D103: SBC | E103: SERVENTE | F103: Mão de Obra | H103: H | I103: 13.21 | J103: 0 | K103: 16.17052 | L103: 213.61
B104: Insumo | C104: 001460 | D104: SBC | E104: DOBRADICA FERRO 3x 3" COM PINO DE METAL BICROMATIZADO | F104: Material | H104: UN | I104: 0.48 | J104: 0 | K104: 5.4 | L104: 2.59
B105: Insumo | C105: 001250 | D105: SBC | E105: TABUA TERCEIRA QUALIDADE NAO APARELHADA | F105: Material | H105: M | I105: 6.26 | J105: 0 | K105: 24.85 | L105: 155.56
B106: Insumo | C106: 004776 | D106: SBC | E106: PREGO FERRO GALVANIZADO 19x36 (109 un/kg) | F106: Material | H106: KG | I106: 0.421 | J106: 0 | K106: 18.69 | L106: 7.86
B107: Insumo | C107: 005984 | D107: SBC | E107: CHAPA DE COMPENSADO COMUM TAPUME MADEIRIT 6mm 1,10x2,20m(2,42m2) | F107: Material | H107: m² | I107: 4.824 | J107: 0 | K107: 18.22 | L107: 87.89
B108: Insumo | C108: 001350 | D108: SBC | E108: PONTALETE 7,5x7,5cm (3x3") PERNA/BARROTE/ESTRONCA | F108: Material | H108: M | I108: 10.12 | J108: 0 | K108: 8.42 | L108: 85.21
G109: MO sem LS => | H109: 582.02 | I109: LS => | J109: 0 | K109: MO com LS => | L109: 582.02
G110: Valor do BDI => | H110: 199.2 | J110: Valor com BDI => | L110: 1156.44
B112: 1.1.5 | C112: Código | D112: Banco | E112: Descrição | F112: Tipo | H112: Und | I112: Quant. | J112: Porcent. | K112: Valor Unit | L112: Total
B113: Composição | C113: 95648 | D113: SINAPI | E113: KIT CAVALETE PARA MEDIÇÃO DE ÁGUA - ENTRADA INDIVIDUALIZADA, EM CPVC DN 28 MM (1"), PARA 1 MEDIDOR - FORNECIMENTO E INSTALAÇÃO (EXCLUSIVE HIDRÔMETRO). AF_03/2024 | F113: INHI - INSTALAÇÕES HIDROS SANITÁRIAS | H113: UN | I113: 1 | K113: 591.34 | L113: 591.34
B114: Composição Auxiliar | C114: 88248 | D114: SINAPI | E114: AUXILIAR DE ENCANADOR OU BOMBEIRO HIDRÁULICO COM ENCARGOS COMPLEMENTARES | F114: SEDI - SERVIÇOS DIVERSOS | H114: H | I114: 1.6421 | J114: 0 | K114: 23.75 | L114: 38.99
B115: Composição Auxiliar | C115: 88267 | D115: SINAPI | E115: ENCANADOR OU BOMBEIRO HIDRÁULICO COM ENCARGOS COMPLEMENTARES | F115: SEDI - SERVIÇOS DIVERSOS | H115: H | I115: 1.6421 | J115: 0 | K115: 29.16 | L115: 47.88
B116: Insumo | C116: 00006019 | D116: SINAPI | E116: REGISTRO GAVETA BRUTO EM LATAO FORJADO, BITOLA 1" (REF 1509) | F116: Material | H116: UN | I116: 1 | J116: 0 | K116: 64.44 | L116: 64.44
B117: Insumo | C117: 00038007 | D117: SINAPI | E117: CONECTOR, CPVC, SOLDAVEL, 28 MM X 1", PARA AGUA QUENTE | F117: Material | H117: UN | I117: 2 | J117: 0 | K117: 28.02 | L117: 56.04
B118: Insumo | C118: 00044400 | D118: SINAPI | E118: BUCHA DE REDUCAO CPVC, SOLDAVEL, 54 X 28 MM, PARA AGUA QUENTE | F118: Material | H118: UN | I118: 1 | J118: 0 | K118: 30.9 | L118: 30.9
B119: Insumo | C119: 00038029 | D119: SINAPI | E119: TUBO CPVC, SOLDAVEL, 54 MM, AGUA QUENTE PREDIAL (NBR 15884) | F119: Material | H119: M | I119: 0.9444 | J119: 0 | K119: 81.53 | L119: 76.99
B120: Insumo | C120: 00037960 | D120: SINAPI | E120: JOELHO CPVC, SOLDAVEL, 90 GRAUS, 54 MM, PARA AGUA QUENTE | F120: Material | H120: UN | I120: 2 | J120: 0 | K120: 64.06 | L120: 128.12
B121: Insumo | C121: 00003148 | D121: SINAPI | E121: FITA VEDA ROSCA, EM PTFE, ROLO DE 18 MM X 50 M (L X C) | F121: Material | H121: UN | I121: 0.0132 | J121: 0 | K121: 16.56 | L121: 0.21
B122: Insumo | C122: 00037957 | D122: SINAPI | E122: JOELHO CPVC, SOLDAVEL, 90 GRAUS, 28 MM, PARA AGUA QUENTE | F122: Material | H122: UN | I122: 2 | J122: 0 | K122: 9.01 | L122: 18.02
B123: Insumo | C123: 00021125 | D123: SINAPI | E123: TUBO CPVC, SOLDAVEL, 28 MM, AGUA QUENTE PREDIAL (NBR 15884) | F123: Material | H123: M | I123: 2.9905 | J123: 0 | K123: 31.86 | L123: 95.27
B124: Insumo | C124: 00021114 | D124: SINAPI | E124: ADESIVO PARA TUBOS CPVC, *75* G | F124: Material | H124: UN | I124: 0.98 | J124: 0 | K124: 35.19 | L124: 34.48
G125: MO sem LS => | H125: 69.93 | I125: LS => | J125: 0 | K125: MO com LS => | L125: 69.93
G126: Valor do BDI => | H126: 123.05 | J126: Valor com BDI => | L126: 714.39
B128: 1.1.6 | C128: Código | D128: Banco | E128: Descrição | F128: Tipo | H128: Und | I128: Quant. | J128: Porcent. | K128: Valor Unit | L128: Total
B129: Composição | C129: 95673 | D129: SINAPI | E129: HIDRÔMETRO DN 1/2", 1,5 M3/H - FORNECIMENTO E INSTALAÇÃO. AF_03/2024 | F129: INHI - INSTALAÇÕES HIDROS SANITÁRIAS | H129: UN | I129: 1 | K129: 169.02 | L129: 169.02
B130: Composição Auxiliar | C130: 88248 | D130: SINAPI | E130: AUXILIAR DE ENCANADOR OU BOMBEIRO HIDRÁULICO COM ENCARGOS COMPLEMENTARES | F130: SEDI - SERVIÇOS DIVERSOS | H130: H | I130: 0.4315 | J130: 0 | K130: 23.75 | L130: 10.24
B131: Composição Auxiliar | C131: 88267 | D131: SINAPI | E131: ENCANADOR OU BOMBEIRO HIDRÁULICO COM ENCARGOS COMPLEMENTARES | F131: SEDI - SERVIÇOS DIVERSOS | H131: H | I131: 0.4315 | J131: 0 | K131: 29.16 | L131: 12.58
B132: Insumo | C132: 00003148 | D132: SINAPI | E132: FITA VEDA ROSCA, EM PTFE, ROLO DE 18 MM X 50 M (L X C) | F132: Material | H132: UN | I132: 0.0106 | J132: 0 | K132: 16.56 | L132: 0.17
B133: Insumo | C133: 00012769 | D133: SINAPI | E133: HIDROMETRO UNIJATO / MEDIDOR DE AGUA, DN 1/2", VAZAO MAXIMA DE 1,5 M3/H, PARA AGUA POTAVEL FRIA, RELOJOARIA PLANA, CLASSE B, HORIZONTAL (SEM CONEXOES) | F133: Material | H133: UN | I133: 1 | J133: 0 | K133: 146.03 | L133: 146.03
G134: MO sem LS => | H134: 18.37 | I134: LS => | J134: 0 | K134: MO com LS => | L134: 18.37
G135: Valor do BDI => | H135: 35.17 | J135: Valor com BDI => | L135: 204.19
B137: 1.1.7 | C137: Código | D137: Banco | E137: Descrição | F137: Tipo | H137: Und | I137: Quant. | J137: Porcent. | K137: Valor Unit | L137: Total
B138: Composição | C138: 101509 | D138: SINAPI | E138: ENTRADA DE ENERGIA ELÉTRICA, AÉREA, TRIFÁSICA, COM CAIXA DE EMBUTIR, CABO DE 10 MM2 E DISJUNTOR DIN 50A (NÃO INCLUSO O POSTE DE CONCRETO). AF_07/2020 | F138: INEL - INSTALAÇÃO ELÉTRICA/ELETRIFICAÇÃO E ILUMINAÇÃO EXTERNA | H138: UN | I138: 1 | K138: 1896.83 | L138: 1896.83
B139: Composição Auxiliar | C139: 96986 | D139: SINAPI | E139: HASTE DE ATERRAMENTO, DIÂMETRO 3/4", COM 3 METROS - FORNECIMENTO E INSTALAÇÃO. AF_08/2023 | F139: INEL - INSTALAÇÃO ELÉTRICA/ELETRIFICAÇÃO E ILUMINAÇÃO EXTERNA | H139: UN | I139: 1 | J139: 0 | K139: 160.52 | L139: 160.52
B140: Composição Auxiliar | C140: 104749 | D140: SINAPI | E140: CONECTOR GRAMPO METÁLICO TIPO OLHAL, PARA SPDA, PARA HASTE DE ATERRAMENTO DE 3/4'' E CABOS DE 10 A 50 MM2 - FORNECIMENTO E INSTALAÇÃO. AF_08/2023 | F140: INEL - INSTALAÇÃO ELÉTRICA/ELETRIFICAÇÃO E ILUMINAÇÃO EXTERNA | H140: UN | I140: 1 | J140: 0 | K140: 24.59 | L140: 24.59
B141: Composição Auxiliar | C141: 88247 | D141: SINAPI | E141: AUXILIAR DE ELETRICISTA COM ENCARGOS COMPLEMENTARES | F141: SEDI - SERVIÇOS DIVERSOS | H141: H | I141: 0.3233 | J141: 0 | K141: 24.84 | L141: 8.03
B142: Composição Auxiliar | C142: 91872 | D142: SINAPI | E142: ELETRODUTO RÍGIDO ROSCÁVEL, PVC, DN 32 MM (1"), PARA CIRCUITOS TERMINAIS, INSTALADO EM PAREDE - FORNECIMENTO E INSTALAÇÃO. AF_03/2023 | F142: INEL - INSTALAÇÃO ELÉTRICA/ELETRIFICAÇÃO E ILUMINAÇÃO EXTERNA | H142: M | I142: 6.05 | J142: 0 | K142: 20.67 | L142: 125.05
B143: Composição Auxiliar | C143: 91885 | D143: SINAPI | E143: LUVA PARA ELETRODUTO, PVC, ROSCÁVEL, DN 32 MM (1"), PARA CIRCUITOS TERMINAIS, INSTALADA EM PAREDE - FORNECIMENTO E INSTALAÇÃO. AF_03/2023 | F143: INEL - INSTALAÇÃO ELÉTRICA/ELETRIFICAÇÃO E ILUMINAÇÃO EXTERNA | H143: UN | I143: 1 | J143: 0 | K143: 13.8 | L143: 13.8
B144: Composição Auxiliar | C144: 91917 | D144: SINAPI | E144: CURVA 90 GRAUS PARA ELETRODUTO, PVC, ROSCÁVEL, DN 32 MM (1"), PARA CIRCUITOS TERMINAIS, INSTALADA EM PAREDE - FORNECIMENTO E INSTALAÇÃO. AF_03/2023 | F144: INEL - INSTALAÇÃO ELÉTRICA/ELETRIFICAÇÃO E ILUMINAÇÃO EXTERNA | H144: UN | I144: 1 | J144: 0 | K144: 22.53 | L144: 22.53
B145: Composição Auxiliar | C145: 91919 | D145: SINAPI | E145: CURVA 180 GRAUS PARA ELETRODUTO, PVC, ROSCÁVEL, DN 32 MM (1"), PARA CIRCUITOS TERMINAIS, INSTALADA EM PAREDE - FORNECIMENTO E INSTALAÇÃO. AF_03/2023 | F145: INEL - INSTALAÇÃO ELÉTRICA/ELETRIFICAÇÃO E ILUMINAÇÃO EXTERNA | H145: UN | I145: 1 | J145: 0 | K145: 24.73 | L145: 24.73
B146: Composição Auxiliar | C146: 91933 | D146: SINAPI | E146: CABO DE COBRE FLEXÍVEL ISOLADO, 10 MM², ANTI-CHAMA 0,6/1,0 KV, PARA CIRCUITOS TERMINAIS - FORNECIMENTO E INSTALAÇÃO. AF_03/2023 | F146: INEL - INSTALAÇÃO ELÉTRICA/ELETRIFICAÇÃO E ILUMINAÇÃO EXTERNA | H146: M | I146: 22.2 | J146: 0 | K146: 15.54 | L146: 344.98
B147: Composição Auxiliar | C147: 87367 | D147: SINAPI | E147: ARGAMASSA TRAÇO 1:1:6 (EM VOLUME DE CIMENTO, CAL E AREIA MÉDIA ÚMIDA) PARA EMBOÇO/MASSA ÚNICA/ASSENTAMENTO DE ALVENARIA DE VEDAÇÃO, PREPARO MANUAL. AF_08/2019 | F147: SEDI - SERVIÇOS DIVERSOS | H147: m³ | I147: 0.0194 | J147: 0 | K147: 711.86 | L147: 13.81
B148: Composição Auxiliar | C148: 100578 | D148: SINAPI | E148: ASSENTAMENTO DE POSTE DE CONCRETO COM COMPRIMENTO NOMINAL DE 9 M, CARGA NOMINAL MENOR OU IGUAL A 1000 DAN, ENGASTAMENTO SIMPLES COM 1,5 M DE SOLO (NÃO INCLUI FORNECIMENTO). AF_11/2019 | F148: INEL - INSTALAÇÃO ELÉTRICA/ELETRIFICAÇÃO E ILUMINAÇÃO EXTERNA | H148: UN | I148: 1 | J148: 0 | K148: 485.78 | L148: 485.78
B149: Composição Auxiliar | C149: 93673 | D149: SINAPI | E149: DISJUNTOR TRIPOLAR TIPO DIN, CORRENTE NOMINAL DE 50A - FORNECIMENTO E INSTALAÇÃO. AF_10/2020 | F149: INEL - INSTALAÇÃO ELÉTRICA/ELETRIFICAÇÃO E ILUMINAÇÃO EXTERNA | H149: UN | I149: 1 | J149: 0 | K149: 91.54 | L149: 91.54
...

Sheet BDI SEM DESONERAÇÃO
B2: BONIFICAÇÕES E DESPESAS INDIRETAS
B8: ='DADOS GERAIS'!B8 -> Secretaria de Atenção Especializada à Saúde | D8: BDI Geral: | E8: Encargo Social Mensalista: | F8: ='DADOS GERAIS'!$B$22 -> Data:
B9: ='DADOS GERAIS'!B9 -> Unidade Básica de Saúde Porte 2 - Área Construída: 500,17m² | D9: ='DADOS GERAIS'!C19 -> 0.24017566 | E9: ='ENCARGOS SOCIAIS'!F56 -> 0.6979 | F9: ='DADOS GERAIS'!$C$22 -> 11/02/2025
B11: ='DADOS GERAIS'!B11 -> Bancos: | D11: BDI Equipamentos: | E11: Encargo Social Horista: | F11: ='DADOS GERAIS'!$B$23 -> Revisão:
B12: ='DADOS GERAIS'!B12 -> SINAPI (11/2024) - CPOS/CDHU (01/2025) - SBC (01/2025) - ORSE (10/2024) - IOPES (08/2024) - EMOP (11/2024) - SEINFRA (028) | D12: ='DADOS GERAIS'!C20 -> 0.13512301 | E12: ='ENCARGOS SOCIAIS'!E56 -> 1.1287768 | F12: ='DADOS GERAIS'!$C$23 -> 00
B15: Fórmula (Bonificações e Despesas Indiretas):
B22: ITEM | C22: DESCRIÇÃO | D22: CÓD | E22: GERAL VALORES PROPOSTOS (%) | F22: EQUIPAMENTOS VALORES PROPOSTOS (%)
B25: 1 | C25: Administração Central | D25: AC | E25: 0.0505 | F25: 0.0345
B26: 2 | C26: Riscos | D26: R | E26: 0.01 | F26: 0.0085
B27: 3 | C27: Seguros e Garantias | D27: SG | E27: 0.01 | F27: 0.0048
B28: 4 | C28: Despesas Financeiras | D28: DF | E28: 0.01 | F28: 0.0085
B29: 5 | C29: Lucro | D29: L | E29: 0.0914 | F29: 0.035
B30: 6 | C30: Impostos | D30: I | E30: =SUM(E31:E34) -> 0.0485 | F30: =SUM(F31:F34) -> 0.0365
B31: 6.1 | C31: PIS | E31: 0.0065 | F31: 0.0065
B32: 6.2 | C32: COFINS | E32: 0.03 | F32: 0.03
B33: 6.3 | C33: ISSQN | E33: 0.012 | F33: 0
B34: 6.4 | C34: CPRB | E34: 0 | F34: 0
B36: BDI | E36: =((1+E25+E26+E27)*(1+E28)*(1+E29)/(1-E30))-1 -> 0.24017566 | F36: =((1+F25+F26+F27)*(1+F28)*(1+F29)/(1-F30))-1 -> 0.13512301
B39: FONTE:
B40: 1. | C40: Tribunal de Contas da União - TC 036.076/2011-2 - Acórdão Nº 2622/2013
B41: 2. | C41: ISS conforme a Lei Complementar 116/2003 e a Lei 11.438/1997 da Prefeitura Municipal de São Paulo. A responsabilidade pela adequação do ISS às normas vigentes no município cabe a cada ente competente.
B44: NOTAS:
B45: 1. | C45: Deverão ser obedecidas as legislações trabalhistas e tributária vigentes, inclusive acordos de classes, sob pena de desclassificação da Proposta de Preços;
B46: 2. | C46: É de responsabilidade da proponente a adequação de todas as fórmulas utilizadas na planilha orçamentária.
B48: ________________________________________________________________________________
B52: ='DADOS GERAIS'!C24 -> 0
B53: ='DADOS GERAIS'!C25 -> 0

Sheet ENCARGOS SOCIAIS
B2: COMPOSIÇÃO ANALÍTICA DAS TAXAS DE ENCARGOS SOCIAIS
B8: ='DADOS GERAIS'!B8 -> Secretaria de Atenção Especializada à Saúde | D8: BDI Geral: | E8: Encargo Social Mensalista: | F8: ='DADOS GERAIS'!$B$22 -> Data:
B9: ='DADOS GERAIS'!B9 -> Unidade Básica de Saúde Porte 2 - Área Construída: 500,17m² | D9: ='DADOS GERAIS'!C19 -> 0.24017566 | E9: ='ENCARGOS SOCIAIS'!F56 -> 0.6979 | F9: ='DADOS GERAIS'!$C$22 -> 11/02/2025
B11: ='DADOS GERAIS'!B11 -> Bancos: | D11: BDI Equipamentos: | E11: Encargo Social Horista: | F11: ='DADOS GERAIS'!$B$23 -> Revisão:
B12: ='DADOS GERAIS'!B12 -> SINAPI (11/2024) - CPOS/CDHU (01/2025) - SBC (01/2025) - ORSE (10/2024) - IOPES (08/2024) - EMOP (11/2024) - SEINFRA (028) | D12: ='DADOS GERAIS'!C20 -> 0.13512301 | E12: ='ENCARGOS SOCIAIS'!E56 -> 1.1287768 | F12: ='DADOS GERAIS'!$C$23 -> 00
B15: ENCARGOS SOCIAIS SOBRE A MÃO DE OBRA
B16: CÓDIGO | C16: DESCRIÇÃO | E16: COM DESONERAÇÃO
E17: HORISTA (%) | F17: MENSALISTA (%)
B19: GRUPO A
B20: A1 | C20: INSS | E20: 0.2 | F20: 0.2
B21: A2 | C21: SESI | E21: 0.015 | F21: 0.015
B22: A3 | C22: SENAI | E22: 0.01 | F22: 0.01
B23: A4 | C23: INCRA | E23: 0.002 | F23: 0.002
B24: A5 | C24: SEBRAE | E24: 0.006 | F24: 0.006
B25: A6 | C25: Salário Educação | E25: 0.025 | F25: 0.025
B26: A7 | C26: Seguro Contra Acidentes de Trabalho | E26: 0.03 | F26: 0.03
B27: A8 | C27: FGTS | E27: 0.08 | F27: 0.08
B28: A9 | C28: SECONCI | E28: 0 | F28: 0
B29: A | C29: Total | E29: =SUBTOTAL(9,E20:E28) -> 0.368 | F29: =SUBTOTAL(9,F20:F28) -> 0.368
B31: GRUPO B
B32: B1 | C32: Repouso Semanal Remunerado | E32: 0.1793 | F32: Não incide
B33: B2 | C33: Feriados | E33: 0.0424 | F33: Não incide
B34: B3 | C34: Auxílio-Enfermidade | E34: 0.0085 | F34: 0.0064
B35: B4 | C35: 13º Salário | E35: 0.1102 | F35: 0.0833
B36: B5 | C36: Licença Paternidade | E36: 0.0006 | F36: 0.0004
B37: B6 | C37: Faltas Justificadas | E37: 0.0073 | F37: 0.0056
B38: B7 | C38: Dias de Chuva | E38: 0.0155 | F38: Não incide
B39: B8 | C39: Auxílo Acidente de Trabalho | E39: 0.001 | F39: 0.0008
B40: B9 | C40: Férias Gozadas | E40: 0.1156 | F40: 0.0874
B41: B10 | C41: Salário Maternidade | E41: 0.0004 | F41: 0.0003
B42: B | C42: Total | E42: =SUBTOTAL(9,E32:E41) -> 0.4808 | F42: =SUBTOTAL(9,F32:F41) -> 0.1842
B44: GRUPO C
B45: C1 | C45: Aviso Prévio Indenizado | E45: 0.0459 | F45: 0.0347
B46: C2 | C46: Aviso Prévio Trabalhado | E46: 0.0011 | F46: 0.0008
B47: C3 | C47: Férias Indenizadas | E47: 0.0226 | F47: 0.0171
B48: C4 | C48: Depósito Recisão sem justa causa | E48: 0.0255 | F48: 0.0193
B49: C5 | C49: Indenização Adicional | E49: 0.0039 | F49: 0.0029
B50: C | C50: Total | E50: =SUBTOTAL(9,E45:E49) -> 0.099 | F50: =SUBTOTAL(9,F45:F49) -> 0.0748
B52: GRUPO D
B53: D1 | C53: Reincidência de Grupo A sobre Grupo B | E53: =ROUND(E42*E29,4) -> 0.1769 | F53: =ROUND(F42*F29,4) -> 0.0678
B54: D2 | C54: Reincidência de Grupo A sobre Aviso Prévio Trabalhado e Reincidência do FGTS sobre Aviso Prévio Indenizado | E54: =E29*E46+E27*E45 -> 0.0040768 | F54: =F29*F46+F27*F45 -> 0.0030704
B55: D | C55: Total | E55: =SUBTOTAL(9,E53:E54) -> 0.1809768 | F55: =ROUND(SUBTOTAL(9,F53:F54),4) -> 0.0709
B56: TOTAL (A+B+C+D) | E56: =SUM(E29,E42,E50,E55) -> 1.1287768 | F56: =SUM(F29,F42,F50,F55) -> 0.6979
B58: FONTE:
B59: 1. | C59: SINAPI - Encargos Sociais a partir de dezembro de 2023.
B61: NOTAS:
B62: 1. | C62: Deverão ser obedecidas as legislações trabalhistas e tributária vigentes, inclusive acordos de classes, sob pena de desclassificação da Proposta de Preços;
B63: 2. | C63: É de responsabilidade da proponente a adequação de todas as fórmulas utilizadas na planilha orçamentária.
B66: ________________________________________________________________________________
B71: ='DADOS GERAIS'!C24 -> 0
B72: ='DADOS GERAIS'!C25 -> 0

Sheet JUSTIFICATIVAS CPUS
B2: JUSTIFICATIVAS DE COMPOSIÇÕES DE PREÇO UNITÁRIO
B8: ='DADOS GERAIS'!B8 -> Secretaria de Atenção Especializada à Saúde | G8: =RESUMO!D8 -> BDI Geral: | H8: Encargo Social Mensalista: | I8: Data:
B9: ='DADOS GERAIS'!B9 -> Unidade Básica de Saúde Porte 2 - Área Construída: 500,17m² | G9: =RESUMO!D9 -> 0.24017566 | H9: ='ENCARGOS SOCIAIS'!F56 -> 0.6979 | I9: ='DADOS GERAIS'!C22 -> 11/02/2025
B11: ='DADOS GERAIS'!B11 -> Bancos: | G11: =RESUMO!D11 -> BDI Equipamentos: | H11: Encargo Social Horista: | I11: Revisão:
B12: ='DADOS GERAIS'!B12 -> SINAPI (11/2024) - CPOS/CDHU (01/2025) - SBC (01/2025) - ORSE (10/2024) - IOPES (08/2024) - EMOP (11/2024) - SEINFRA (028) | G12: =RESUMO!D12 -> 0.13512301 | H12: ='ENCARGOS SOCIAIS'!E56 -> 1.1287768 | I12: ='DADOS GERAIS'!C23 -> 00
B15: ITEM | C15: COMPOSIÇÃO | D15: COMPOSIÇÃO DE REFERÊNCIA | E15: JUSTIFICATIVA
B16: 1 | C16: 02.02.150 | D16: CPOS/CDHU 02.02.150 | E16: Utilizada composição CPOS visto que o SINAPI não possui composição adequada referente a esse serviço. Os preços praticados para esse serviço no estado de Rio Grande do Sul são referenciais e exequíveis para o orçamento em Rio Grande do Sul.
B17: 2 | C17: 11703 | D17: ORSE 11703 | E17: Utilizada composição do ORSE visto que o SINAPI não possui composição adequada referente a esse serviço. Os preços praticados para esse serviço no estado de Sergipe são referenciais e exequíveis para o orçamento em Rio Grande do Sul. Os insumos da composição ORSE que são SINAPI estão atualizados para o estado de Rio Grande do Sul, portanto, somente insumos do ORSE que mantem preço na região de Sergipe.
B18: 3 | C18: 4656 | D18: ORSE 4656 | E18: Utilizada composição do ORSE visto que o SINAPI não possui composição adequada referente a esse serviço. Os preços praticados para esse serviço no estado de Sergipe são referenciais e exequíveis para o orçamento em Rio Grande do Sul. Os insumos da composição ORSE que são SINAPI estão atualizados para o estado de Rio Grande do Sul, portanto, somente insumos do ORSE que mantem preço na região de Sergipe.
B19: 4 | C19: 012208 | D19: SBC 012208 | E19: Utilizada composição do SBC para Rio Grande do Sul visto que o SINAPI não possui composição adequada para contemplar tal serviço.
B20: 5 | C20: 05.07.040 | D20: CPOS/CDHU 05.07.040 | E20: Utilizada composição CPOS visto que o SINAPI não possui composição adequada referente a esse serviço. Os preços praticados para esse serviço no estado de Rio Grande do Sul são referenciais e exequíveis para o orçamento em Rio Grande do Sul.
B21: 6 | C21: 012689 | D21: SBC 00012689 | E21: Utilizada composição do SBC para Rio Grande do Sul visto que o SINAPI não possui composição adequada para contemplar tal serviço.
B22: 7 | C22: CPU1926 | D22: SINAPI 97063 + INSUMO SINAPI 20193 | E22: Junção do insumo de locação de andaime m2xmês com a montagem e desmontagem do andaime em m2, sendo coeficiente de 0,416 que corresponde à 1m2 em proporção à área do andaime informado no insumo.
B23: 8 | C23: 000128 | D23: SBC 000128 | E23: Utilizada composição do SBC para Rio Grande do Sul visto que o SINAPI não possui composição adequada para contemplar tal serviço.
B24: 9 | C24: CPU2284 | D24: SINAPI 103672 | E24: Utilizada composição de referência SINAPI e alterado o insumo 1527 para 1525 conforme especificação do projeto.
B25: 10 | C25: 000128 | D25: SBC 000128 | E25: Utilizada composição do SBC para Rio Grande do Sul visto que o SINAPI não possui composição adequada para contemplar tal serviço.
B26: 11 | C26: CPU2283 | D26: SINAPI 103675 | E26: Utilizada composição de referência SINAPI e alterado o insumo 1527 para 1525 conforme especificação do projeto.
B27: 12 | C27: 000128 | D27: SBC 000128 | E27: Utilizada composição do SBC para Rio Grande do Sul visto que o SINAPI não possui composição adequada para contemplar tal serviço.
... B172: 157 | C172: 2450 | D172: ORSE 2450 | E172: Utilizada composição do ORSE visto que o SINAPI não possui composição adequada referente a esse serviço. Os preços praticados para esse serviço no estado de Sergipe são referenciais e exequíveis para o orçamento em Rio Grande do Sul. Os insumos da composição ORSE que são SINAPI estão atualizados para o estado de Rio Grande do Sul, portanto, somente insumos do ORSE que mantem preço na região de Sergipe.
